 Dungeon Crawl Stone Soup version 0.27-a0-998-g4cfe56dd59 (webtiles) character file.

Game seed: 11130251270209857569

15771 dickylongcocking the Carver (level 12, -11/91 HPs)
             Began as a Djinni Fire Elementalist on Apr 16, 2021.
             Was a Follower of Makhleb.
             Mangled by a boulder beetle (16 damage)
             ... on level 11 of the Dungeon.
             The game lasted 00:15:59 (15302 turns).

dickylongcocking the Carver (DjFE)                 Turns: 15302, Time: 00:15:59

Health: -11/91     AC: 14    Str:  7    XL:     12   Next: 30%
Gold:   738        EV: 16    Int: 24    God:    Makhleb [*.....] SH:  5 Dex: 15

rFire    + + +     SeeInvis .   O - +2 scimitar (flame)
rCold    x . .     Faith    .   I - +0 buckler
rNeg     + . .     Spirit   .   H - +3 leather armour {rF+}
rPois    ∞         Reflect  .   u - +1 helmet {Int+3}
rElec    .         Harm     .   f - +2 cloak
rCorr    .         Rampage  .   j - +2 pair of gloves
Will     +....                  (boots unavailable)
Stlth    ++........             (no amulet)
HPRegen  0.25/turn              x - ring of positive energy
MPRegen  0.00/turn              z - +4 ring of evasion

@: flying
A: fire resistance 2, cold vulnerability 1, float, innate caster, hp casting,
extra vitality 1
a: Renounce Religion


You were on level 11 of the Dungeon.
You worshipped Makhleb.
Makhleb was aware of your devotion.
You visited 2 branches of the dungeon, and saw 14 of its levels.

You collected 738 gold pieces.

Inventory:

Hand Weapons
 i - a +0 short sword
 A - a +0 long sword
 D - a +0 scimitar
 L - a +1 long sword of holy wrath
 O - a +2 scimitar of flaming (weapon)
Missiles
 m - a curare-tipped dart
 p - 3 atropa-tipped darts
 q - 3 boomerangs of dispersal
Armour
 a - a +0 robe
 f - a +2 cloak (worn)
 j - a +2 pair of gloves (worn)
 u - a +1 helmet of intelligence (worn)
 G - a +0 troll leather armour
 H - a +3 leather armour of fire resistance (worn)
 I - a +0 buckler (worn)
Jewellery
 v - a +4 ring of evasion
 x - a ring of positive energy (left hand)
 z - a +4 ring of evasion (right hand)
 B - a ring of protection from fire
Wands
 g - a wand of iceblast (5)
 r - a wand of polymorph (11)
 s - a wand of flame (76)
 w - a wand of charming (4)
 F - a wand of paralysis (7)
 Q - a wand of mindburst (10)
Scrolls
 b - a scroll of magic mapping {unknown}
 h - a scroll of noise
 l - a scroll of identify
 y - a scroll of amnesia
 C - 3 scrolls of teleportation
 J - a scroll of torment
 P - a scroll of enchant weapon
Potions
 d - 4 potions of might
 e - 6 potions of curing
 k - a potion of invisibility {unknown}
 n - 3 potions of haste
 o - a potion of resistance
 t - 2 potions of brilliance {unknown}
 E - a potion of attraction {unknown}
 R - 2 potions of mutation {unknown}
Miscellaneous
 M - a lightning rod (4/4)


   Skills:
 * Level 10.3 Fighting
 - Level 2.3(8.0) Short Blades
 * Level 11.8(11.9) Long Blades
 - Level 3.9 Dodging
 - Level 3.2 Stealth
 - Level 4.0 Shields
 * Level 10.4 Spellcasting
 * Level 0.0 Evocations


You had one spell level left.
You knew the following spells:

 Your Spells              Type           Power      Damage    Failure   Level
a - Foxfire               Conj/Fire      100%       2x1d9     1%          1
b - Conjure Flame         Conj/Fire      58%        6-21      1%          3
c - Inner Flame           Hex/Fire       58%        N/A       1%          3
d - Sticky Flame          Conj/Fire      58%        2d7       1%          4
e - Fireball              Conj/Fire      29%        3d13      3%          5
f - Summon Small Mammal   Summ           100%       N/A       1%          1
g - Slow                  Hex            58%        N/A       1%          2
h - Wereblood             Tmut           58%        N/A       1%          2
i - Summon Ice Beast      Ice/Summ       58%        N/A       1%          4
j - Agony                 Necr           58%        N/A       3%          5
Your spell library was empty.

Dungeon Overview and Level Annotations

Branches:
Dungeon (13/15)            Temple (1/1) D:5            Lair (0/6) D:8
    Orc (0/2) D:10
 Vaults: D:13-14

Altars:
Ashenzari
Cheibriados
Dithmenos
Elyvilon
Fedhas
Gozag
Hepliaklqana
Kikubaaqudgha
Makhleb
Nemelex Xobeh
Okawaru
Qazlal
Ru
Sif Muna
Trog
Uskayaw
Vehumet
Wu Jian
Xom
Yredelemnul
Zin
The Shining One

Portals:
Ice
Cave: D:11


Innate Abilities, Weirdness & Mutations

You are immune to poison.
Your flesh is very heat resistant. (rF++)
You are vulnerable to cold. (rC-)
You float through the air rather than walking.
You learn spells naturally, not from books.
Your magical power is your life essence.
You have superior vitality. (+4 HP)


Message History

The ice beast burns! x2; The ice beast misses you.
The boulder beetle leaps!
Unknown command.
Unknown command.
The ice beast burns!
You kill the ice beast!
Makhleb accepts your kill.
The ice beast burns!
You kill the ice beast!
Makhleb accepts your kill.
You feel better.
Okay, then.
Okay, then.
Aiming: Charm
Press: ? - help, Shift-Dir - straight line, f - cyclops
Aim: a cyclops, quivering large rocks (grey smoke, chance to affect: 28%)
The cyclops easily resists.
The cyclops throws a large rock.
The large rock hits you!
* * * LOW HITPOINT WARNING * * *
Unknown command.
Unknown command.
Okay, then.
You feel much better.
You feel yourself slow down.
The boulder beetle waves its antennae.
The boulder beetle bites you!!
Your ice beast hits the boulder beetle but does no damage.
The cyclops hits you!!
* * * LOW HITPOINT WARNING * * *
The boulder beetle leaps!
Unknown command.
Unknown command.
Your ice beast hits the cyclops but does no damage.
The boulder beetle curls into a ball and begins rolling!
The troll barely misses you. x2; The troll closely misses you.
Unknown command.
Okay, then.
Your ice beast hits the cyclops but does no damage.
The cyclops throws a large rock.
The large rock closely misses you. The boulder beetle hits you!
You die...

############# ###
#...........# #...
#.....§§....#
#...####....§§§§...######
.......#..Y..§§§.B°°Y....
.......#.C.§..§§†........
......[T....§§....T......
............§.§..........
......○B@................
#....°........[..........
...........########......
.........#.# #####..
.∩.....###.. +.. .......
##+# #.. ....... .....
+.+... ...... .#.#.#


You could see a boulder beetle (rolling, ally target), a cyclops, a troll and a
friendly ice beast (summoned).

Vanquished Creatures
  A hydra (D:11)
  A boulder beetle (D:12)
  2 centaur warriors
  3 two-headed ogres
  3 death yaks (D:8)
  Urug (D:12)
  An ugly thing (D:12)
  A cyclops (D:12)
  2 slime creatures
  A manticore (D:12)
  Joseph (D:9)
  An efreet (D:13)
  3 trolls
  A wind drake (shapeshifter) (D:13)
  A shadow (D:11)
  6 yaks
  2 vampires
  A steam dragon (D:8)
  2 acid dragons
  A water moccasin (D:7)
  7 ice beasts
  2 orc warriors
  A black bear (D:6)
  A centaur (D:8)
  A necrophage (D:4)
  An ogre (D:5)
  2 kobold brigands
  A bullfrog (D:8)
  2 gnoll sergeants
  A scorpion (D:4)
  4 killer bees (D:9)
  10 wights
  4 howler monkeys
  An electric eel (D:11)
  2 jellies
  A hound (D:7)
  2 orc priests
  A centaur skeleton (D:5)
  Jessica (D:2)
  2 iguanas
  2 orc wizards (D:11)
  2 hell rats (D:8)
  A hound skeleton (D:4)
  4 adders
  6 gnolls
  A white imp (D:8)
  3 ufetubi
  4 dart slugs
  12 orcs
  7 endoplasms
  2 giant cockroaches
  3 goblins
  7 hobgoblins
  3 jackals (D:3)
  13 kobolds
  6 quokkas
  6 ball pythons
  4 bats
  3 frilled lizards (D:1)
  10 rats
181 creatures vanquished.

Vanquished Creatures (collateral kills)
  A hydra (D:12)
  A boulder beetle (D:12)
  A two-headed ogre (D:9)
  An ugly thing (D:13)
  A troll (D:12)
  A quokka (D:8)
6 creatures vanquished.

Vanquished Creatures (others)
  A yak (D:8)
  368 foxfires
369 creatures vanquished.

Grand Total: 556 creatures vanquished

Notes
Turn   | Place    | Note
-------+----------+-------------------------------------------
     0 | D:1      | dickylongcocking the Djinni Fire Elementalist began the
                  | quest for the Orb.
     0 | D:1      | Reached XP level 1. HP: 15/15 MP: 0/0
   632 | D:1      | Reached XP level 2. HP: 17/21 MP: 0/0
  1301 | D:1      | You are sucked into a shaft and drop 1 floor!
  1868 | D:1      | Reached XP level 3. HP: 23/25 MP: 0/0
  1868 | D:1      | Learned a level 1 spell: Summon Small Mammal
  2462 | D:2      | Found a faded altar of an unknown god.
  2595 | D:2      | Noticed Jessica
  2600 | D:2      | Killed Jessica
  2601 | D:2      | Reached XP level 4. HP: 26/31 MP: 0/0
  3660 | D:4      | Noticed a scorpion
  3670 | D:4      | Killed a scorpion
  3671 | D:4      | Reached XP level 5. HP: 20/35 MP: 0/0
  3671 | D:4      | Learned a level 2 spell: Slow
  3677 | D:4      | Noticed a necrophage
  3721 | D:4      | Killed a necrophage
  3722 | D:4      | Reached skill level 1 in Short Blades
  3722 | D:4      | Reached XP level 6. HP: 5/41 MP: 0/0
  4335 | D:4      | Reached skill level 5 in Spellcasting
  4537 | D:4      | Identified a scroll of acquirement
  4753 | D:5      | Entered Level 5 of the Dungeon
  4887 | D:5      | Found a staircase to the Ecumenical Temple.
  4892 | D:5      | Reached skill level 1 in Fighting
  4892 | D:5      | Reached XP level 7. HP: 43/47 MP: 0/0
  4892 | D:5      | Learned a level 2 spell: Wereblood
  4901 | Temple   | Entered the Ecumenical Temple
  5082 | Temple   | Became a worshipper of Makhleb the Destroyer
  6283 | D:7      | Reached XP level 8. HP: 33/54 MP: 0/0
  6289 | D:7      | Acquired a manual of Long Blades
  6646 | D:7      | Reached skill level 1 in Long Blades
  6655 | D:7      | Reached skill level 2 in Long Blades
  7237 | D:7      | Reached skill level 3 in Long Blades
  7673 | D:8      | Reached skill level 4 in Long Blades
  8088 | D:8      | Reached XP level 9. HP: 55/63 MP: 0/0
  8088 | D:8      | Learned a level 4 spell: Summon Ice Beast
  8160 | D:8      | Reached skill level 5 in Long Blades
  8290 | D:8      | Reached skill level 1 in Shields
  8699 | D:8      | Reached * piety under Makhleb
  8700 | D:8      | Reached skill level 5 in Fighting
  8700 | D:8      | Reached skill level 6 in Long Blades
  8968 | D:8      | Found a staircase to the Lair.
  8968 | D:8      | Noticed a death yak
  8969 | D:8      | Noticed a death yak
  8970 | D:8      | Noticed a death yak
  8983 | D:8      | Killed a death yak
  8990 | D:8      | Killed a death yak
  8991 | D:8      | Reached skill level 7 in Long Blades
  8991 | D:8      | Reached XP level 10. HP: 24/73 MP: 0/0
  9040 | D:8      | Killed a death yak
  9041 | D:8      | Reached skill level 8 in Long Blades
 10306 | D:9      | Noticed Joseph
 10317 | D:9      | Killed Joseph
 10714 | D:9      | Noticed a two-headed ogre
 10731 | D:9      | Killed a two-headed ogre
 10732 | D:9      | Reached skill level 9 in Long Blades
 10908 | D:10     | Entered Level 10 of the Dungeon
 10991 | D:10     | Found a staircase to the Orcish Mines.
 11265 | D:10     | Noticed a two-headed ogre
 11279 | D:10     | Killed a two-headed ogre
 11368 | D:10     | You are sucked into a shaft and drop 3 floors!
 11435 | D:13     | Reached XP level 11. HP: 29/81 MP: 0/0
 11435 | D:13     | Learned a level 5 spell: Agony
 11827 | D:13     | Reached skill level 10 in Long Blades
 12194 | D:13     | Noticed a red ugly thing
 12221 | D:13     | Killed a red ugly thing
 12467 | D:13     | Noticed a centaur warrior
 12480 | D:13     | Killed a centaur warrior
 12770 | D:12     | Noticed a boulder beetle
 12770 | D:12     | Noticed a manticore
 12775 | D:12     | Killed a manticore
 13101 | D:12     | Noticed a centaur warrior
 13108 | D:12     | Killed a centaur warrior
 13109 | D:12     | Reached skill level 11 in Long Blades
 13145 | D:12     | Noticed a cyan ugly thing
 13158 | D:12     | Killed a cyan ugly thing
 13382 | D:12     | Killed a boulder beetle
 13721 | D:12     | Noticed a boulder beetle
 13740 | D:12     | Killed a boulder beetle
 14038 | D:12     | Noticed Urug
 14043 | D:12     | Killed Urug
 14044 | D:12     | Reached skill level 10 in Spellcasting
 14210 | D:12     | Noticed a six-headed hydra
 14211 | D:12     | Noticed a two-headed ogre
 14230 | D:12     | Killed a six-headed hydra
 14237 | D:12     | Killed a two-headed ogre
 14238 | D:12     | Reached XP level 12. HP: 80/91 MP: 0/0
 14964 | D:13     | Noticed a five-headed hydra
 15066 | D:11     | Noticed a two-headed ogre
 15069 | D:11     | Noticed a five-headed hydra
 15076 | D:11     | Killed a two-headed ogre
 15077 | D:11     | Reached skill level 10 in Fighting
 15085 | D:11     | HP: 3/91 [orc priest/divine providence (13)]
 15087 | D:11     | Killed a five-headed hydra
 15251 | D:11     | Found a frozen archway.
 15251 | D:11     | Noticed a boulder beetle
 15299 | D:11     | HP: 4/91 [cyclops (24)]
 15302 | D:11     | Mangled by a boulder beetle

Illustrated notes

Levels and vault maps discovered:
D:1:      tarquinn_simple_flora_water_a, layout_loops_cross,
          hangedman_abyss_or_decor_stabs, st_stairs_9
D:2:      layout_rooms, ebering_ecumenical_altar_petrified, st_stairs_4,
          uniq_jessica
D:3:      layout_basic
D:4:      layout_gridville, minmay_vboxes
D:5:      layout_rooms, minmay_temple_entry_offerings
D:6:      layout_basic
D:7:      layout_basic, serial_glass, glass_columns_b, glass_columns_c,
          glass_columns_b, glass_columns_a, glass_columns_a, glass_columns_b,
          glass_columns_b, glass_columns_a, kennysheep_dice
D:8:      layout_loops_ring, dpeg_lair_monsters
D:9:      layout_irregular_city, lemuel_tele_altar, uniq_joseph
D:10:     minmay_the_grid_four_pointed_star_mashed
          [minmay_the_grid_triangle_9x9_zippers_vertical,
          minmay_the_grid_triangle_9x9_from_above,
          minmay_the_grid_triangle_9x9_odd_lines,
          minmay_the_grid_triangle_9x9_corrupted_corridor,
          minmay_the_grid_prize_four_corners_diamond_b], layout_loops_ring,
          orc_0_dummy, chequers_serial_rivers_room_a
D:11:     layout_basic, portal_ice_cave_entry_ice_beasts
D:12:     layout_basic, blue_anna_alchemist [blue_anna_fruit_fields,
          blue_anna_fruit_fields], uniq_urug
D:13:     layout_roguey, serial_shops,
          nicolae_shop_temple_entry_statues_fountains, roderic_serpentine_path,
          minmay_evil_grid, uniq_erolcha
Temple:   nicolae_temple_the_god_donut

Skill      XL: |  1  2  3  4  5  6  7  8  9 10 11 12 |
---------------+-------------------------------------+-----
Spellcasting   | 3 4 5 6 7 8 9 10 | 10.4
Stealth        | 2 3 |  3.2
Short Blades   | 1 2 |  2.3
Dodging        | 3 |  3.9
Fighting       | 1 2 4 6 8 9 10 | 10.3
Long Blades    | 4 7 9 11 | 11.8
Shields        | 4 |  4.0

Action                   |  1- 3 |  4- 6 |  7- 9 | 10-12 || total
-------------------------+-------+-------+-------+-------++-------
Melee: Unarmed           |    11 |       |       |       ||    11
       Short sword       |     9 |    32 |    17 |       ||    58
       Scimitar          |       |       |    36 |    60 ||    96
       Long sword        |       |       |     4 |    19 ||    23
 Cast: Foxfire           |    69 |    75 |    54 |    49 ||   247
       Sticky Flame      |       |     4 |    33 |    40 ||    77
       Inner Flame       |       |     1 |    11 |    14 ||    26
       Summon Small Mamm |       |     1 |       |       ||     1
       Slow              |       |     1 |       |       ||     1
       Fireball          |       |       |     3 |     9 ||    12
       Summon Ice Beast  |       |       |     1 |    25 ||    26
Evoke: Wand              |       |       |       |    11 ||    11
  Use: Scroll            |       |    11 |     5 |     6 ||    22
       Potion            |       |       |       |     8 ||     8
 Stab: Sleeping          |       |       |     2 |       ||     2
Armor: Robe              |    10 |    21 |    29 |       ||    60
       Leather armour    |       |       |    14 |    35 ||    49
       Troll leather arm |       |       |     1 |       ||     1
Dodge: Dodged            |    23 |    26 |   111 |    97 ||   257
Block: Buckler           |       |       |     2 |    42 ||    44
       Rpst.: Scimitar   |       |       |     8 |    11 ||    19
       Long sword        |       |       |       |    13 ||    13

Table legend: (Time is in decaauts)
 A = Elapsed time spent in this place.
 B = Non-inter-level travel time spent in this place.
 C = Inter-level travel time spent in this place.
 D = Time resting spent in this place.
 E = Time spent auto-exploring this place.
 F = Levels seen in this place.
 G = Mean time per level.
                   A        B        C        D        E       F      G
               +--------+--------+--------+--------+--------+-----+--------+
         Total |  15291 |  14491 |    800 |   3180 |   9494 |  14 | 1092.2 |
       Dungeon |  15096 |  14308 |    788 |   3180 |   9341 |  13 | 1161.2 |
        Temple |    194 |    182 |     12 |      0 |    153 |   1 |  194.0 |
               +--------+--------+--------+--------+--------+-----+--------+

Top non-repeatable levels by time:
    D:12: 2223 daAuts
     D:1: 1799 daAuts
     D:8: 1759 daAuts
     D:7: 1612 daAuts
    D:13: 1464 daAuts
     D:9: 1269 daAuts
     D:4: 1236 daAuts
     D:2: 893 daAuts
     D:3: 827 daAuts
     D:6: 824 daAuts
     D:5: 501 daAuts
    D:10: 459 daAuts
    D:11: 227 daAuts
  Temple: 194 daAuts
